AoeStats
← Gojira

Black Forest

510610589Analyzed
2v2 RM · 18h ago on Oct 1, 2026· 54m 36s· 4 players
Game mode
Random Map
Map size
Medium (4 player)
Population
200
Speed
Normal
Resources
Standard
Victory
Conquest
Starting age
Dark Age
Ending age
Imperial Age
RankedLock teamsTeams togetherTeam positionsShared explorationLock speedFull tech treeHidden civsTurbo modeCheats
Victory
Defeat
🇹🇷 Huns · Türkiye
607
+13
🇫🇷 Burgundians · France
489
+19
🇳🇴 Burgundians · Norway
562
-32
🇷🇺 Tupi · Russia
526
-21
Gojira
1:28 Loom
10:25 Double-Bit Axe
16:04 Feudal Age
15:09 Stone Mining
15:10 Gold Mining
17:12 Man-at-Arms
18:37 Horse Collar
20:06 Stone Shaft Mining
20:07 Gold Shaft Mining
20:59 Heavy Plow
25:44 Castle Age
25:02 Wheelbarrow
24:14 Town Watch
24:47 Bow Saw
26:16 Long Swordsman
27:32 Fervor
28:25 Murder Holes
28:11 Treadmill Crane
28:52 Ballistics
30:06 Burgundian Vineyards
30:54 Hand Cart
30:40 Town Patrol
34:33 Imperial Age
37:00 Chemistry
36:26 Elite Coustillier
38:12 Two-Handed Swordsman
38:59 Champion
44:19 Pikeman
kado
0:30 Loom
14:32 Feudal Age
17:37 Gold Mining
18:03 Forging
20:13 Scale Barding Armor
23:14 Castle Age
22:51 Wheelbarrow
23:42 Bloodlines
23:35 Double-Bit Axe
24:31 Stone Mining
24:46 Husbandry
28:53 Caravan
36:09 Imperial Age
35:02 Squires
34:22 Pikeman
35:49 Iron Casting
35:54 Scale Mail Armor
36:15 Chain Barding Armor
37:14 Conscription
38:20 Gold Shaft Mining
38:06 Arson
39:25 Town Watch
40:30 Halberdier
43:52 Plate Barding Armor
44:37 Chemistry
45:38 Elite Tarkan
52:40 Marauders
54:26 Bow Saw
54:02 Horse Collar
55:26 Blast Furnace
54:42 Chain Mail Armor
chechener
3:50 Loom
11:58 Double-Bit Axe
12:33 Horse Collar
15:44 Feudal Age
20:10 Bow Saw
20:07 Heavy Plow
22:00 Gold Mining
22:00 Stone Mining
24:40 Gold Shaft Mining
27:11 Castle Age
25:56 Stone Shaft Mining
25:35 Scale Barding Armor
25:45 Forging
34:24 Burgundian Vineyards
38:09 Imperial Age
36:00 Squires
36:36 Caravan
40:47 Wheelbarrow
39:57 Town Watch
40:10 Elite Coustillier
43:28 Chain Barding Armor
43:44 Iron Casting
44:13 Chemistry
43:33 Ballistics
47:20 Pikeman
48:52 Halberdier
buba
6:31 Loom
11:50 Feudal Age
19:29 Horse Collar
19:34 Double-Bit Axe
23:08 Castle Age
21:54 Gold Mining
23:33 Stone Mining
24:59 Squires
24:21 Pikeman
24:22 Champi Runner
27:03 Champi Warrior
27:46 Scale Mail Armor
27:57 Forging
30:30 Heavy Plow
30:41 Bow Saw
31:10 Gold Shaft Mining
31:08 Caciques
32:35 Padded Archer Armor
32:25 Fletching
32:51 Chain Mail Armor
33:11 Iron Casting
34:21 Arson
38:25 Imperial Age
36:41 Ballistics
38:46 Wheelbarrow
38:36 Halberdier
40:15 Curare
42:47 Halberdier
42:49 Elite Ibirapema Warrior
42:52 Elite Blackwood Archer
45:15 Elite Champi Warrior
54:10 Bodkin Arrow
54:32 Leather Archer Armor
Connection lost

Rejoining the realm…

Still unreachable

The connection could not be restored.

Session expired

The server has moved on; the page needs a fresh start.